[ PARTIDA AOE2 · #483935008 ]
UnrankedIndostaníes vs Wei
[ ANÁLISIS DE REPETICIÓN · EXTRAÍDO DE LA PARTIDA GRABADA ]
Feudal
17:09
Castillos
21:30
Imperial
37:13
| APM promedio | 28.0 |
| APM pico | 68 |
| eAPM promedio | 16.0 |
| Aldeanos / militares | 141 / 330 |
Foco
⚔️ 32.1% · 🌾 67.9%
Camel Scout ×321 · Trebuchet (Packed) ×5 · Mangonel ×3 · Monk ×1
Feudal
13:18
Castillos
18:31
Imperial
34:38
| APM promedio | 21.8 |
| APM pico | 39 |
| eAPM promedio | 14.5 |
| Aldeanos / militares | 105 / 61 |
Foco
⚔️ 24.7% · 🌾 75.3%
Unknown (1944) ×170 · Spearman ×60 · Unknown (1942) ×4 · Unknown (1954) ×2 · Monk ×1
Feudal
14:31
Castillos
18:10
Imperial
38:50
| APM promedio | 32.8 |
| APM pico | 61 |
| eAPM promedio | 19.7 |
| Aldeanos / militares | 138 / 261 |
Foco
⚔️ 37.7% · 🌾 62.3%
Knight ×148 · Camel Scout ×68 · Archer ×36 · War Elephant ×5 · Trebuchet (Packed) ×4
Feudal
17:44
Castillos
30:04
Imperial
—
| APM promedio | 19.3 |
| APM pico | 53 |
| eAPM promedio | 10.3 |
| Aldeanos / militares | 123 / 46 |
Foco
⚔️ 23.5% · 🌾 76.5%
Rattan Archer ×23 · Archer ×13 · Monk ×8 · Militia ×2
Feudal
24:06
Castillos
36:33
Imperial
45:31
| APM promedio | 21.4 |
| APM pico | 62 |
| eAPM promedio | 11.2 |
| Aldeanos / militares | 90 / 63 |
Foco
⚔️ 38.7% · 🌾 61.3%
Spearman ×35 · Unknown (2550) ×29 · Kona ×20 · Skirmisher ×8
Feudal
14:03
Castillos
19:16
Imperial
36:28
| APM promedio | 13.2 |
| APM pico | 40 |
| eAPM promedio | 9.7 |
| Aldeanos / militares | 170 / 34 |
Foco
⚔️ 13.4% · 🌾 86.6%
Conquistador ×22 · Knight ×6 · Trebuchet (Packed) ×3 · Bombard Cannon ×2 · Monk ×1
Feudal
17:04
Castillos
39:35
Imperial
—
| APM promedio | 9.5 |
| APM pico | 28 |
| eAPM promedio | 6.4 |
| Aldeanos / militares | 143 / 0 |
Foco
⚔️ 20.4% · 🌾 79.6%
Feudal
14:58
Castillos
19:17
Imperial
43:03
| APM promedio | 20.5 |
| APM pico | 50 |
| eAPM promedio | 11.7 |
| Aldeanos / militares | 112 / 171 |
Foco
⚔️ 26.2% · 🌾 73.8%
Huskarl ×105 · Spearman ×63 · Battering Ram ×3
Mapa de la partida
Recursos iniciales + cada clic de construcción. Líneas = muros · curvas = relieve. ◆ oro · ⬟ piedra · ● bayas · ✦ reliquia · ◌ hueco del cierre
Tu base· Abierta — flanco sin cerrar
Base de REMENDAR· Abierta — flanco sin cerrar
Base de Lucas· Abierta — flanco sin cerrar
Base de zAck· Abierta — flanco sin cerrar
Base de hianyzol· Abierta — flanco sin cerrar
Base de Tatie· Abierta — flanco sin cerrar
Base de lejulienuniversel· Abierta — flanco sin cerrar
Base de Cordeiro· Abierta — hueco de 11t
Terreno inicial suavizado · ◌ = hueco del cierre detectado · pasá el cursor para detalles
Inputs por minuto
— Leni61 - - REMENDAR
Build order — Leni61
Primeras 150 de 390 acciones detectadas
| 0:54 | Construir | House |
| 1:26 | Construir | Town Center |
| 3:42 | Investigar | Loom |
| 3:42 | Crear | Villager (Male) ×4 |
| 5:09 | Construir | House |
| 5:26 | Construir | House |
| 6:01 | Construir | House |
| 6:02 | Construir | Palisade Wall |
| 6:03 | Construir | Palisade Wall |
| 6:13 | Crear | Villager (Male) |
| 6:13 | Crear | Villager (Male) |
| 6:14 | Crear | Villager (Male) |
| 6:35 | Crear | Villager (Male) |
| 6:36 | Crear | Villager (Male) |
| 6:57 | Crear | Villager (Male) |
| 6:57 | Crear | Villager (Male) |
| 7:24 | Crear | Villager (Male) |
| 7:24 | Crear | Villager (Male) |
| 7:24 | Crear | Villager (Male) |
| 7:53 | Crear | Villager (Male) |
| 7:53 | Crear | Villager (Male) |
| 7:53 | Crear | Villager (Male) |
| 8:14 | Crear | Villager (Male) |
| 8:15 | Crear | Villager (Male) |
| 8:20 | Crear | Villager (Male) |
| 8:20 | Crear | Villager (Male) |
| 9:25 | Crear | Villager (Male) |
| 9:25 | Crear | Villager (Male) |
| 9:34 | Construir | House |
| 9:39 | Construir | House |
| 9:44 | Crear | Villager (Male) |
| 9:44 | Crear | Villager (Male) |
| 9:44 | Crear | Villager (Male) |
| 9:57 | Crear | Villager (Male) |
| 9:57 | Crear | Villager (Male) |
| 9:57 | Crear | Villager (Male) |
| 10:01 | Crear | Villager (Male) |
| 10:02 | Crear | Villager (Male) |
| 10:02 | Crear | Villager (Male) |
| 10:18 | Construir | Palisade Wall |
| 10:19 | Construir | Palisade Wall |
| 10:20 | Construir | Palisade Wall |
| 10:36 | Construir | House |
| 10:38 | Construir | Palisade Wall |
| 10:43 | Crear | Villager (Male) |
| 10:43 | Crear | Villager (Male) |
| 10:43 | Crear | Villager (Male) |
| 10:44 | Crear | Villager (Male) |
| 10:44 | Crear | Villager (Male) |
| 11:32 | Construir | Palisade Wall |
| 11:58 | Construir | House |
| 12:14 | Construir | House |
| 12:31 | Construir | House |
| 12:54 | Crear | Villager (Male) |
| 13:15 | Construir | Lumber Camp |
| 13:23 | Crear | Villager (Male) |
| 13:50 | Construir | Palisade Wall |
| 14:09 | Crear | Villager (Male) |
| 14:09 | Crear | Villager (Male) |
| 14:18 | Construir | Mining Camp |
| 14:46 | Investigar | Feudal Age |
| 14:46 | Investigar | Feudal Age |
| 14:46 | Investigar | Feudal Age |
| 14:59 | Construir | Palisade Gate |
| 15:07 | Construir | Palisade Wall |
| 15:10 | Construir | Palisade Gate |
| 15:46 | Crear | Villager (Male) |
| 15:46 | Crear | Villager (Male) |
| 16:15 | Construir | Mill |
| 17:09 | Edad | Edad Feudal |
| 17:19 | Construir | Market |
| 17:22 | Construir | Blacksmith |
| 17:44 | Crear | Villager (Male) |
| 18:12 | Crear | Villager (Male) |
| 18:18 | Investigar | Double-Bit Axe |
| 18:18 | Investigar | Horse Collar |
| 18:27 | Construir | House |
| 18:50 | Investigar | Castle Age |
| 18:50 | Investigar | Castle Age |
| 18:58 | Construir | Barracks |
| 19:08 | Investigar | Gold Mining |
| 20:02 | Construir | Stable |
| 20:16 | Construir | House |
| 20:17 | Construir | House |
| 20:21 | Construir | Stone Wall |
| 20:22 | Construir | Stone Wall |
| 21:06 | Construir | Stable |
| 21:29 | Crear | Villager (Male) |
| 21:29 | Crear | Villager (Male) |
| 21:30 | Edad | Edad de los Castillos |
| 21:49 | Crear | Camel Scout |
| 21:53 | Crear | Camel Scout |
| 22:00 | Construir | Town Center |
| 22:04 | Crear | Villager (Male) |
| 22:04 | Crear | Villager (Male) |
| 22:08 | Crear | Camel Scout |
| 22:08 | Crear | Camel Scout |
| 22:16 | Construir | Farm |
| 22:19 | Construir | Farm |
| 22:22 | Construir | Farm |
| 22:25 | Construir | Farm |
| 22:41 | Crear | Villager (Male) |
| 22:46 | Construir | House |
| 22:56 | Investigar | Husbandry |
| 23:04 | Crear | Villager (Male) |
| 23:11 | Construir | Farm |
| 23:12 | Construir | Farm |
| 23:14 | Construir | Farm |
| 23:33 | Construir | Farm |
| 23:35 | Crear | Villager (Male) |
| 23:51 | Crear | Villager (Male) |
| 23:52 | Crear | Villager (Male) |
| 23:52 | Crear | Villager (Male) |
| 23:55 | Construir | Farm |
| 23:57 | Construir | Farm |
| 24:00 | Construir | Farm |
| 24:04 | Crear | Villager (Male) |
| 24:05 | Crear | Villager (Male) |
| 24:05 | Crear | Villager (Male) |
| 24:05 | Crear | Villager (Male) |
| 24:08 | Construir | Farm |
| 24:20 | Construir | Gate |
| 24:30 | Crear | Villager (Male) |
| 24:33 | Construir | Farm |
| 24:40 | Crear | Villager (Male) |
| 24:41 | Crear | Villager (Male) |
| 25:14 | Crear | Villager (Male) |
| 25:14 | Crear | Villager (Male) |
| 25:27 | Construir | Farm |
| 25:27 | Construir | Farm |
| 25:28 | Construir | Farm |
| 25:28 | Construir | Farm |
| 25:28 | Construir | Farm |
| 25:28 | Construir | Farm |
| 25:29 | Construir | Farm |
| 25:30 | Crear | Villager (Male) |
| 25:30 | Crear | Villager (Male) |
| 25:49 | Crear | Villager (Male) |
| 25:49 | Crear | Villager (Male) |
| 25:49 | Crear | Villager (Male) |
| 26:02 | Crear | Camel Scout |
| 26:03 | Crear | Camel Scout |
| 26:03 | Crear | Camel Scout |
| 26:03 | Crear | Camel Scout |
| 26:26 | Construir | Farm |
| 26:27 | Construir | Farm |
| 26:27 | Construir | Farm |
| 26:27 | Construir | Farm |
| 26:27 | Construir | Farm |
| 26:44 | Construir | House |
Build order — REMENDAR
Primeras 150 de 363 acciones detectadas
| 0:42 | Construir | Town Center |
| 2:52 | Construir | House |
| 2:56 | Investigar | Loom |
| 2:56 | Crear | Villager (Male) |
| 2:57 | Crear | Villager (Male) |
| 3:53 | Crear | Villager (Male) |
| 4:10 | Crear | Villager (Male) |
| 4:41 | Construir | House |
| 4:46 | Crear | Villager (Male) |
| 5:16 | Crear | Villager (Male) |
| 5:51 | Crear | Villager (Male) |
| 6:06 | Crear | Villager (Male) |
| 6:22 | Construir | House |
| 6:33 | Crear | Villager (Male) |
| 6:52 | Crear | Villager (Male) |
| 6:55 | Crear | Villager (Male) |
| 7:54 | Crear | Villager (Male) |
| 7:55 | Crear | Villager (Male) |
| 8:25 | Crear | Villager (Male) |
| 8:43 | Crear | Villager (Male) |
| 9:15 | Crear | Villager (Male) |
| 9:46 | Construir | Mining Camp |
| 9:54 | Construir | Mining Camp |
| 9:58 | Crear | Villager (Male) |
| 10:06 | Construir | House |
| 10:44 | Construir | Lumber Camp |
| 11:08 | Investigar | Feudal Age |
| 12:44 | Crear | Villager (Male) |
| 12:45 | Crear | Villager (Male) |
| 12:57 | Construir | Mill |
| 13:18 | Edad | Edad Feudal |
| 13:20 | Construir | Blacksmith |
| 13:41 | Construir | House |
| 13:46 | Investigar | Double-Bit Axe |
| 14:00 | Construir | Market |
| 14:14 | Crear | Villager (Male) |
| 14:28 | Crear | Villager (Male) |
| 15:08 | Crear | Villager (Male) |
| 15:51 | Investigar | Castle Age |
| 16:16 | Construir | House |
| 16:19 | Construir | Palisade Wall |
| 16:26 | Construir | House |
| 16:57 | Construir | House |
| 16:59 | Construir | House |
| 17:12 | Construir | Farm |
| 17:12 | Construir | Farm |
| 17:12 | Construir | Farm |
| 17:13 | Construir | Farm |
| 17:14 | Construir | Farm |
| 17:26 | Construir | Farm |
| 18:00 | Investigar | Horse Collar |
| 18:07 | Investigar | Wheelbarrow |
| 18:31 | Edad | Edad de los Castillos |
| 18:37 | Crear | Villager (Male) |
| 18:47 | Investigar | Bow Saw |
| 19:31 | Construir | Town Center |
| 19:47 | Crear | Villager (Male) |
| 19:59 | Investigar | Heavy Plow |
| 20:14 | Construir | Mining Camp |
| 20:56 | Crear | Villager (Male) |
| 20:59 | Crear | Villager (Male) |
| 21:19 | Construir | House |
| 21:21 | Construir | House |
| 21:23 | Crear | Villager (Male) |
| 21:26 | Crear | Villager (Male) |
| 21:47 | Construir | Farm |
| 21:48 | Construir | Farm |
| 21:49 | Construir | Farm |
| 21:56 | Crear | Villager (Male) |
| 22:01 | Crear | Villager (Male) |
| 22:03 | Crear | Villager (Male) |
| 22:12 | Construir | House |
| 22:16 | Construir | Stone Wall |
| 22:24 | Crear | Villager (Male) |
| 22:45 | Construir | Town Center |
| 22:51 | Investigar | Gold Mining |
| 22:53 | Crear | Villager (Male) |
| 23:05 | Crear | Villager (Male) |
| 23:06 | Crear | Villager (Male) |
| 23:09 | Construir | Farm |
| 23:09 | Construir | Farm |
| 23:09 | Construir | Farm |
| 23:10 | Construir | Farm |
| 23:11 | Construir | Farm |
| 23:13 | Construir | Farm |
| 23:19 | Construir | House |
| 23:22 | Construir | House |
| 23:33 | Crear | Villager (Male) |
| 23:34 | Crear | Villager (Male) |
| 23:56 | Construir | House |
| 24:01 | Construir | Gate |
| 24:11 | Crear | Villager (Male) |
| 24:12 | Crear | Villager (Male) |
| 24:16 | Construir | Farm |
| 24:19 | Crear | Villager (Male) |
| 24:24 | Crear | Villager (Male) |
| 24:28 | Construir | Farm |
| 24:29 | Construir | Farm |
| 24:30 | Construir | Farm |
| 24:33 | Construir | Farm |
| 24:37 | Construir | Lumber Camp |
| 24:43 | Crear | Villager (Male) |
| 24:52 | Construir | Farm |
| 24:54 | Crear | Villager (Male) |
| 24:55 | Crear | Villager (Male) |
| 25:04 | Crear | Villager (Male) |
| 25:06 | Construir | Farm |
| 25:10 | Crear | Villager (Male) |
| 25:24 | Crear | Villager (Male) |
| 25:36 | Construir | Farm |
| 25:38 | Crear | Villager (Male) |
| 25:39 | Crear | Villager (Male) |
| 25:47 | Crear | Villager (Male) |
| 25:57 | Construir | Town Center |
| 26:12 | Construir | House |
| 26:13 | Construir | House |
| 26:14 | Construir | House |
| 26:17 | Crear | Villager (Male) |
| 26:18 | Crear | Villager (Male) |
| 26:18 | Crear | Villager (Male) |
| 26:19 | Crear | Villager (Male) |
| 26:23 | Construir | Farm |
| 26:26 | Construir | Farm |
| 26:30 | Investigar | Town Watch |
| 26:35 | Crear | Villager (Male) |
| 26:52 | Construir | Farm |
| 26:57 | Crear | Villager (Male) |
| 26:57 | Crear | Villager (Male) |
| 27:02 | Crear | Villager (Male) |
| 27:02 | Crear | Villager (Male) |
| 27:05 | Investigar | Stone Mining |
| 27:08 | Crear | Villager (Male) |
| 27:24 | Construir | House |
| 27:28 | Crear | Villager (Male) |
| 27:33 | Construir | Farm |
| 27:35 | Construir | Farm |
| 27:36 | Construir | Farm |
| 27:41 | Construir | Mill |
| 27:47 | Crear | Villager (Male) |
| 27:49 | Crear | Villager (Male) |
| 27:50 | Crear | Villager (Male) |
| 27:51 | Crear | Villager (Male) |
| 28:03 | Construir | Farm |
| 28:07 | Crear | Villager (Male) |
| 28:15 | Construir | Farm |
| 28:18 | Crear | Villager (Male) |
| 28:20 | Investigar | Hand Cart |
| 28:24 | Construir | Farm |
| 28:27 | Construir | Farm |
| 28:33 | Construir | House |
Build order — Lucas
Primeras 150 de 481 acciones detectadas
| 0:13 | Construir | House |
| 0:28 | Construir | Town Center |
| 2:43 | Crear | Villager (Male) ×5 |
| 3:26 | Construir | House |
| 3:57 | Crear | Villager (Male) |
| 4:34 | Crear | Villager (Male) |
| 5:22 | Crear | Villager (Male) |
| 5:22 | Crear | Villager (Male) |
| 5:37 | Crear | Villager (Male) |
| 6:07 | Construir | House |
| 6:28 | Crear | Villager (Male) |
| 6:50 | Crear | Villager (Male) |
| 7:00 | Crear | Villager (Male) |
| 7:15 | Construir | House |
| 7:52 | Crear | Villager (Male) |
| 8:22 | Crear | Villager (Male) |
| 8:23 | Crear | Villager (Male) |
| 8:23 | Crear | Villager (Male) |
| 8:24 | Crear | Villager (Male) |
| 9:01 | Investigar | Loom |
| 9:18 | Crear | Villager (Male) |
| 9:53 | Crear | Villager (Male) |
| 10:06 | Crear | Villager (Male) |
| 10:28 | Construir | Mining Camp |
| 10:44 | Crear | Villager (Male) |
| 10:58 | Crear | Villager (Male) |
| 11:27 | Crear | Villager (Male) |
| 11:52 | Crear | Villager (Male) |
| 12:03 | Construir | Lumber Camp |
| 12:20 | Crear | Villager (Male) |
| 12:27 | Investigar | Feudal Age |
| 12:43 | Construir | Mill |
| 12:52 | Construir | Mill |
| 13:14 | Construir | House |
| 13:48 | Construir | Palisade Wall |
| 13:49 | Construir | Palisade Wall |
| 13:51 | Construir | Palisade Wall |
| 13:54 | Construir | Palisade Wall |
| 13:58 | Construir | Palisade Wall |
| 13:59 | Construir | Palisade Wall |
| 14:05 | Crear | Villager (Male) |
| 14:05 | Crear | Villager (Male) |
| 14:31 | Edad | Edad Feudal |
| 14:31 | Crear | Villager (Male) |
| 14:31 | Crear | Villager (Male) |
| 14:36 | Construir | Blacksmith |
| 14:42 | Construir | Market |
| 15:23 | Construir | House |
| 15:44 | Investigar | Castle Age |
| 15:44 | Investigar | Castle Age |
| 16:01 | Construir | House |
| 16:02 | Construir | House |
| 16:04 | Construir | House |
| 16:11 | Construir | Palisade Wall |
| 16:24 | Investigar | Double-Bit Axe |
| 16:26 | Investigar | Horse Collar |
| 16:56 | Construir | Palisade Wall |
| 18:10 | Edad | Edad de los Castillos |
| 18:16 | Construir | Town Center |
| 18:32 | Construir | Town Center |
| 18:38 | Crear | Villager (Male) |
| 18:39 | Investigar | Wheelbarrow |
| 18:48 | Investigar | Bow Saw |
| 19:37 | Crear | Villager (Male) |
| 19:37 | Crear | Villager (Male) |
| 19:43 | Construir | Farm |
| 19:45 | Construir | Farm |
| 19:58 | Construir | Barracks |
| 20:00 | Crear | Villager (Male) |
| 20:06 | Crear | Villager (Male) |
| 20:16 | Construir | Farm |
| 20:17 | Construir | Farm |
| 20:22 | Construir | Farm |
| 20:23 | Construir | Farm |
| 20:26 | Construir | Farm |
| 20:29 | Crear | Villager (Male) |
| 20:29 | Crear | Villager (Male) |
| 20:29 | Crear | Villager (Male) |
| 20:32 | Crear | Villager (Male) |
| 20:32 | Crear | Villager (Male) |
| 20:32 | Crear | Villager (Male) |
| 20:39 | Construir | Farm |
| 20:59 | Construir | Stable |
| 21:02 | Crear | Villager (Male) |
| 21:02 | Crear | Villager (Male) |
| 21:03 | Crear | Villager (Male) |
| 21:08 | Construir | Farm |
| 21:09 | Construir | Farm |
| 21:13 | Construir | Farm |
| 21:16 | Construir | Farm |
| 21:21 | Construir | House |
| 21:22 | Construir | House |
| 21:25 | Crear | Villager (Male) |
| 21:25 | Crear | Villager (Male) |
| 21:25 | Crear | Villager (Male) |
| 21:44 | Construir | Gate |
| 21:47 | Construir | Stone Wall |
| 21:50 | Construir | Stone Wall |
| 21:51 | Construir | Stone Wall |
| 21:52 | Construir | Stone Wall |
| 21:53 | Construir | Stone Wall |
| 21:58 | Crear | Camel Scout |
| 21:58 | Crear | Camel Scout |
| 22:08 | Crear | Villager (Male) |
| 22:14 | Construir | Farm |
| 22:15 | Construir | Farm |
| 22:15 | Construir | Farm |
| 22:16 | Construir | Farm |
| 22:17 | Construir | Farm |
| 22:21 | Crear | Villager (Male) |
| 22:26 | Crear | Villager (Male) |
| 22:30 | Construir | Stable |
| 22:39 | Construir | Stone Wall |
| 22:42 | Crear | Villager (Male) |
| 22:49 | Crear | Villager (Male) |
| 22:53 | Crear | Camel Scout |
| 22:57 | Crear | Villager (Male) |
| 23:00 | Construir | Farm |
| 23:00 | Construir | Farm |
| 23:02 | Construir | Farm |
| 23:03 | Construir | Farm |
| 23:07 | Crear | Villager (Male) |
| 23:11 | Construir | Farm |
| 23:12 | Construir | Farm |
| 23:12 | Construir | Farm |
| 23:14 | Construir | House |
| 23:15 | Construir | House |
| 23:16 | Construir | House |
| 23:24 | Crear | Camel Scout |
| 23:25 | Crear | Villager (Male) |
| 23:30 | Construir | House |
| 23:31 | Construir | House |
| 23:32 | Construir | House |
| 23:33 | Crear | Villager (Male) |
| 23:42 | Crear | Villager (Male) |
| 23:51 | Construir | House |
| 23:52 | Construir | House |
| 23:55 | Crear | Villager (Male) |
| 23:58 | Crear | Villager (Male) |
| 24:01 | Construir | Farm |
| 24:02 | Construir | Farm |
| 24:03 | Construir | Farm |
| 24:04 | Crear | Villager (Male) |
| 24:04 | Crear | Villager (Male) |
| 24:08 | Construir | Farm |
| 24:12 | Crear | Villager (Male) |
| 24:12 | Crear | Villager (Male) |
| 24:12 | Crear | Villager (Male) |
| 24:23 | Crear | Camel Scout |
| 24:31 | Crear | Camel Scout |
Build order — zAck
Primeras 150 de 278 acciones detectadas
| 0:30 | Construir | House |
| 0:34 | Construir | House |
| 0:37 | Construir | Lumber Camp |
| 1:20 | Construir | Town Center |
| 3:29 | Crear | Villager (Male) |
| 3:29 | Crear | Villager (Male) |
| 3:30 | Crear | Villager (Male) |
| 3:30 | Crear | Villager (Male) |
| 4:00 | Investigar | Loom |
| 5:12 | Crear | Villager (Male) |
| 5:12 | Crear | Villager (Male) |
| 5:12 | Crear | Villager (Male) |
| 7:36 | Crear | Villager (Male) |
| 7:37 | Crear | Villager (Male) |
| 7:37 | Crear | Villager (Male) |
| 7:37 | Crear | Villager (Male) |
| 9:03 | Construir | Mill |
| 9:13 | Crear | Villager (Male) |
| 9:13 | Crear | Villager (Male) |
| 9:47 | Crear | Villager (Male) |
| 9:48 | Crear | Villager (Male) |
| 9:48 | Crear | Villager (Male) |
| 10:27 | Construir | House |
| 10:35 | Construir | House |
| 10:47 | Crear | Villager (Male) |
| 11:20 | Construir | Barracks |
| 11:22 | Construir | House |
| 11:25 | Crear | Villager (Male) |
| 12:29 | Crear | Villager (Male) |
| 12:29 | Crear | Villager (Male) |
| 12:35 | Construir | House |
| 14:09 | Construir | Palisade Gate |
| 14:11 | Construir | House |
| 14:19 | Crear | Villager (Male) |
| 14:19 | Crear | Villager (Male) |
| 14:27 | Crear | Villager (Male) |
| 14:34 | Construir | House |
| 14:57 | Construir | House |
| 15:18 | Investigar | Feudal Age |
| 15:23 | Construir | Mining Camp |
| 16:32 | Crear | Villager (Male) |
| 16:48 | Construir | Mill |
| 17:33 | Crear | Militia |
| 17:33 | Crear | Militia |
| 17:44 | Construir | Farm |
| 17:44 | Edad | Edad Feudal |
| 17:45 | Construir | Farm |
| 17:48 | Construir | Farm |
| 17:49 | Construir | Farm |
| 18:05 | Construir | Market |
| 19:14 | Construir | Archery Range |
| 19:29 | Construir | Blacksmith |
| 19:52 | Investigar | Town Watch |
| 20:10 | Crear | Archer ×2 |
| 20:20 | Investigar | Wheelbarrow |
| 20:35 | Crear | Villager (Male) |
| 20:36 | Crear | Villager (Male) |
| 21:10 | Investigar | Fletching |
| 21:16 | Construir | Mill |
| 21:37 | Crear | Archer |
| 21:37 | Crear | Archer |
| 21:39 | Crear | Villager (Male) |
| 21:57 | Construir | House |
| 22:00 | Construir | House |
| 22:04 | Crear | Villager (Male) |
| 22:14 | Crear | Villager (Male) |
| 22:23 | Construir | Farm |
| 22:46 | Construir | Farm |
| 22:49 | Construir | Farm |
| 23:01 | Construir | House |
| 23:05 | Construir | House |
| 23:07 | Crear | Villager (Male) |
| 23:08 | Crear | Villager (Male) |
| 24:01 | Crear | Archer |
| 24:01 | Crear | Archer |
| 24:03 | Crear | Villager (Male) |
| 24:04 | Crear | Villager (Male) |
| 24:12 | Crear | Villager (Male) |
| 24:21 | Construir | Farm |
| 24:23 | Construir | Farm |
| 24:29 | Crear | Villager (Male) |
| 24:47 | Construir | Stone Wall |
| 24:49 | Construir | Gate |
| 24:59 | Crear | Villager (Male) |
| 25:13 | Investigar | Double-Bit Axe |
| 26:01 | Investigar | Padded Archer Armor |
| 26:17 | Crear | Archer |
| 26:17 | Crear | Archer |
| 26:46 | Construir | Market |
| 26:59 | Crear | Villager (Male) |
| 27:23 | Investigar | Castle Age |
| 27:34 | Construir | House |
| 27:36 | Construir | House |
| 27:39 | Construir | House |
| 27:41 | Construir | Mining Camp |
| 27:46 | Construir | Farm |
| 29:13 | Crear | Archer ×5 |
| 29:35 | Construir | House |
| 29:36 | Construir | House |
| 30:04 | Edad | Edad de los Castillos |
| 30:40 | Construir | Town Center |
| 30:53 | Construir | Castle |
| 31:28 | Construir | Stone Wall |
| 31:40 | Crear | Villager (Male) |
| 31:40 | Crear | Villager (Male) |
| 31:41 | Crear | Villager (Male) |
| 32:02 | Construir | Lumber Camp |
| 32:10 | Investigar | Crossbowman (upgrade) |
| 32:19 | Investigar | Bodkin Arrow |
| 32:19 | Investigar | Leather Archer Armor |
| 32:22 | Crear | Rattan Archer ×3 |
| 33:07 | Crear | Villager (Male) ×3 |
| 33:15 | Construir | University |
| 33:19 | Crear | Villager (Male) |
| 33:19 | Crear | Villager (Male) |
| 33:36 | Crear | Rattan Archer |
| 34:01 | Crear | Villager (Male) |
| 34:02 | Crear | Villager (Male) |
| 34:02 | Crear | Villager (Male) |
| 34:16 | Crear | Villager (Male) |
| 34:16 | Crear | Villager (Male) |
| 34:23 | Crear | Rattan Archer |
| 34:24 | Crear | Rattan Archer |
| 34:24 | Crear | Rattan Archer |
| 34:24 | Crear | Rattan Archer |
| 35:00 | Crear | Villager (Male) |
| 35:10 | Construir | Town Center |
| 35:49 | Investigar | Bow Saw |
| 36:43 | Construir | Farm |
| 36:45 | Construir | Mill |
| 36:53 | Crear | Rattan Archer |
| 36:53 | Crear | Rattan Archer |
| 36:54 | Crear | Rattan Archer |
| 36:54 | Crear | Rattan Archer |
| 37:15 | Crear | Villager (Male) |
| 37:15 | Crear | Villager (Male) |
| 37:25 | Construir | Farm |
| 37:26 | Construir | Farm |
| 37:28 | Construir | Farm |
| 37:36 | Construir | Farm |
| 37:39 | Construir | Farm |
| 37:44 | Construir | Farm |
| 37:48 | Construir | House |
| 37:50 | Construir | House |
| 37:51 | Construir | House |
| 37:54 | Construir | Palisade Gate |
| 38:04 | Construir | Farm |
| 38:05 | Construir | Farm |
| 38:08 | Construir | Farm |
| 38:13 | Construir | Mill |
Build order — hianyzol
Primeras 150 de 319 acciones detectadas
| 2:36 | Construir | Town Center |
| 3:57 | Construir | Palisade Wall |
| 4:05 | Construir | Palisade Wall |
| 4:07 | Construir | Palisade Wall |
| 4:13 | Construir | Palisade Wall |
| 4:20 | Construir | Palisade Wall |
| 4:23 | Construir | Palisade Wall |
| 4:27 | Construir | Palisade Wall |
| 4:32 | Construir | Palisade Wall |
| 4:38 | Construir | Palisade Wall |
| 4:58 | Construir | Palisade Wall |
| 5:00 | Construir | Palisade Wall |
| 5:04 | Construir | Palisade Wall |
| 5:12 | Construir | Palisade Wall |
| 5:18 | Construir | House |
| 5:51 | Construir | Palisade Wall |
| 5:56 | Construir | Palisade Wall |
| 5:58 | Construir | Palisade Wall |
| 6:04 | Construir | Palisade Wall |
| 6:08 | Construir | Palisade Wall |
| 6:36 | Crear | Villager (Male) |
| 6:36 | Crear | Villager (Male) |
| 6:36 | Crear | Villager (Male) |
| 6:36 | Crear | Villager (Male) |
| 6:37 | Crear | Villager (Male) |
| 6:57 | Construir | Palisade Wall |
| 7:54 | Investigar | Loom |
| 7:56 | Crear | Villager (Male) |
| 7:56 | Crear | Villager (Male) |
| 7:56 | Crear | Villager (Male) |
| 8:25 | Crear | Villager (Male) |
| 8:25 | Crear | Villager (Male) |
| 8:56 | Construir | Outpost |
| 9:06 | Crear | Villager (Male) |
| 9:06 | Crear | Villager (Male) |
| 9:32 | Crear | Villager (Male) |
| 9:42 | Construir | House |
| 10:11 | Construir | House |
| 10:14 | Crear | Villager (Male) |
| 10:14 | Crear | Villager (Male) |
| 10:39 | Construir | House |
| 10:43 | Crear | Villager (Male) |
| 10:43 | Crear | Villager (Male) |
| 10:44 | Crear | Villager (Male) |
| 10:58 | Crear | Villager (Male) |
| 11:02 | Construir | House |
| 11:35 | Crear | Villager (Male) |
| 12:02 | Crear | Villager (Male) |
| 12:02 | Crear | Villager (Male) |
| 12:07 | Construir | Outpost |
| 12:43 | Construir | Palisade Wall |
| 12:50 | Construir | Palisade Wall |
| 12:56 | Construir | Palisade Wall |
| 13:02 | Construir | Palisade Wall |
| 13:20 | Crear | Villager (Male) |
| 13:20 | Crear | Villager (Male) |
| 13:21 | Crear | Villager (Male) |
| 13:21 | Crear | Villager (Male) |
| 13:48 | Construir | Palisade Wall |
| 13:53 | Construir | Palisade Wall |
| 13:57 | Construir | Palisade Wall |
| 14:11 | Crear | Villager (Male) |
| 14:12 | Crear | Villager (Male) |
| 14:27 | Construir | Palisade Wall |
| 14:36 | Construir | Barracks |
| 14:41 | Crear | Villager (Male) |
| 15:06 | Construir | Settlement |
| 15:16 | Construir | Settlement |
| 15:19 | Crear | Villager (Male) |
| 15:20 | Crear | Villager (Male) |
| 15:20 | Crear | Villager (Male) |
| 16:22 | Crear | Unit 2550 |
| 16:23 | Crear | Unit 2550 |
| 16:46 | Crear | Villager (Male) |
| 17:22 | Crear | Unit 2550 |
| 17:36 | Construir | Farm |
| 17:39 | Construir | Farm |
| 17:39 | Construir | Farm |
| 17:40 | Construir | Farm |
| 17:40 | Construir | Farm |
| 17:40 | Construir | Farm |
| 17:46 | Crear | Unit 2550 |
| 17:46 | Crear | Unit 2550 |
| 17:57 | Construir | Palisade Wall |
| 18:09 | Construir | Farm |
| 18:09 | Construir | Farm |
| 18:09 | Construir | Farm |
| 18:09 | Construir | Farm |
| 18:23 | Construir | House |
| 18:56 | Crear | Unit 2550 |
| 19:25 | Crear | Unit 2550 |
| 19:55 | Construir | Farm |
| 19:55 | Construir | Farm |
| 19:56 | Construir | Farm |
| 19:56 | Construir | Farm |
| 19:56 | Construir | Farm |
| 19:58 | Crear | Villager (Male) |
| 19:59 | Crear | Villager (Male) |
| 20:22 | Construir | House |
| 21:06 | Construir | Farm |
| 21:56 | Investigar | Feudal Age |
| 22:52 | Construir | House |
| 23:47 | Crear | Unit 2550 |
| 23:47 | Crear | Unit 2550 |
| 23:47 | Crear | Unit 2550 |
| 24:06 | Edad | Edad Feudal |
| 24:12 | Investigar | Tech 1402 |
| 24:19 | Construir | Archery Range |
| 24:26 | Crear | Villager (Male) |
| 24:27 | Crear | Villager (Male) |
| 24:27 | Crear | Villager (Male) |
| 24:51 | Investigar | Double-Bit Axe |
| 25:04 | Investigar | Arson |
| 25:07 | Crear | Skirmisher |
| 25:07 | Crear | Skirmisher |
| 25:07 | Crear | Skirmisher |
| 25:19 | Construir | Settlement |
| 25:46 | Investigar | Gold Mining |
| 25:55 | Crear | Villager (Male) |
| 26:11 | Crear | Unit 2550 |
| 26:15 | Construir | Blacksmith |
| 26:48 | Construir | Farm |
| 26:49 | Crear | Villager (Male) |
| 26:49 | Crear | Villager (Male) |
| 26:49 | Crear | Villager (Male) |
| 27:19 | Investigar | Fletching |
| 27:31 | Crear | Skirmisher |
| 27:31 | Crear | Skirmisher |
| 27:32 | Crear | Skirmisher |
| 27:38 | Construir | Farm |
| 27:43 | Construir | Farm |
| 28:14 | Investigar | Padded Archer Armor |
| 29:15 | Crear | Skirmisher |
| 29:15 | Crear | Skirmisher |
| 29:19 | Crear | Unit 2550 |
| 29:19 | Crear | Unit 2550 |
| 29:20 | Crear | Unit 2550 |
| 29:55 | Crear | Villager (Male) |
| 29:55 | Crear | Villager (Male) |
| 29:55 | Crear | Villager (Male) |
| 29:55 | Crear | Villager (Male) |
| 29:58 | Construir | Farm |
| 29:58 | Construir | Farm |
| 29:58 | Construir | Farm |
| 29:58 | Construir | Farm |
| 30:18 | Crear | Unit 2550 |
| 30:18 | Crear | Unit 2550 |
| 31:05 | Construir | House |
| 31:07 | Construir | House |
| 31:09 | Construir | Farm |
Build order — Tatie
Primeras 150 de 343 acciones detectadas
| 0:41 | Construir | Town Center |
| 2:14 | Construir | House |
| 2:27 | Crear | Villager (Male) |
| 2:28 | Crear | Villager (Male) |
| 2:28 | Crear | Villager (Male) |
| 2:28 | Crear | Villager (Male) |
| 2:29 | Crear | Villager (Male) |
| 3:13 | Construir | Lumber Camp |
| 3:16 | Construir | House |
| 3:57 | Crear | Villager (Male) |
| 3:58 | Crear | Villager (Male) |
| 4:36 | Investigar | Loom |
| 5:02 | Crear | Villager (Male) |
| 5:03 | Crear | Villager (Male) |
| 5:23 | Crear | Villager (Male) |
| 5:40 | Crear | Villager (Male) |
| 5:40 | Crear | Villager (Male) |
| 6:15 | Crear | Villager (Male) |
| 6:15 | Crear | Villager (Male) |
| 6:29 | Construir | House |
| 6:49 | Crear | Villager (Male) |
| 6:49 | Crear | Villager (Male) |
| 7:12 | Crear | Villager (Male) |
| 7:12 | Crear | Villager (Male) |
| 7:41 | Construir | Mill |
| 7:50 | Crear | Villager (Male) |
| 7:50 | Crear | Villager (Male) |
| 8:43 | Crear | Villager (Male) |
| 8:44 | Crear | Villager (Male) |
| 9:12 | Crear | Villager (Male) |
| 9:12 | Crear | Villager (Male) |
| 9:20 | Construir | House |
| 9:58 | Construir | House |
| 10:00 | Crear | Villager (Male) |
| 10:53 | Crear | Villager (Male) |
| 10:53 | Crear | Villager (Male) |
| 11:53 | Investigar | Feudal Age |
| 12:31 | Construir | House |
| 12:47 | Construir | Mining Camp |
| 14:02 | Construir | House |
| 14:03 | Edad | Edad Feudal |
| 14:06 | Crear | Villager (Male) |
| 14:07 | Crear | Villager (Male) |
| 14:07 | Crear | Villager (Male) |
| 14:22 | Construir | Barracks |
| 14:26 | Construir | Market |
| 14:31 | Construir | Blacksmith |
| 14:34 | Crear | Villager (Male) |
| 14:48 | Construir | Mill |
| 14:57 | Crear | Villager (Male) |
| 14:58 | Crear | Villager (Male) |
| 15:32 | Crear | Villager (Male) |
| 15:32 | Crear | Villager (Male) |
| 16:17 | Investigar | Castle Age |
| 16:49 | Construir | Stable |
| 16:52 | Construir | Stable |
| 17:00 | Construir | House |
| 17:48 | Investigar | Scale Barding Armor |
| 18:12 | Construir | Palisade Wall |
| 18:47 | Construir | House |
| 18:53 | Crear | Villager (Male) |
| 18:53 | Crear | Villager (Male) |
| 19:16 | Edad | Edad de los Castillos |
| 19:25 | Crear | Knight ×5 |
| 19:39 | Construir | House |
| 19:40 | Construir | House |
| 19:44 | Construir | Monastery |
| 19:52 | Construir | Town Center |
| 20:12 | Construir | Town Center |
| 20:21 | Crear | Villager (Male) |
| 20:21 | Crear | Villager (Male) |
| 20:39 | Crear | Knight |
| 20:40 | Investigar | Husbandry |
| 20:43 | Crear | Villager (Male) |
| 20:56 | Crear | Villager (Male) |
| 21:28 | Crear | Villager (Male) |
| 21:28 | Crear | Villager (Male) |
| 21:28 | Crear | Villager (Male) |
| 21:29 | Crear | Villager (Male) |
| 21:29 | Crear | Villager (Male) |
| 21:43 | Construir | House |
| 21:43 | Construir | House |
| 22:25 | Crear | Monk |
| 22:38 | Crear | Villager (Male) |
| 22:38 | Crear | Villager (Male) |
| 22:38 | Crear | Villager (Male) |
| 22:50 | Construir | Farm |
| 22:50 | Construir | Farm |
| 22:51 | Construir | Farm |
| 22:51 | Construir | Farm |
| 22:51 | Construir | Farm |
| 22:52 | Construir | Farm |
| 22:52 | Construir | Farm |
| 22:52 | Construir | Farm |
| 22:52 | Construir | Farm |
| 22:53 | Construir | Farm |
| 22:53 | Construir | Farm |
| 22:53 | Construir | Farm |
| 22:54 | Construir | Farm |
| 22:54 | Construir | Farm |
| 22:54 | Construir | Farm |
| 22:54 | Construir | Farm |
| 22:55 | Construir | Farm |
| 22:55 | Construir | Farm |
| 24:06 | Construir | Mill |
| 24:08 | Crear | Villager (Male) |
| 24:36 | Crear | Villager (Male) |
| 24:38 | Crear | Villager (Male) |
| 24:39 | Crear | Villager (Male) |
| 24:40 | Crear | Villager (Male) |
| 24:40 | Crear | Villager (Male) |
| 24:40 | Crear | Villager (Male) |
| 25:12 | Crear | Villager (Male) |
| 25:13 | Crear | Villager (Male) |
| 25:13 | Crear | Villager (Male) |
| 25:13 | Crear | Villager (Male) |
| 25:14 | Crear | Villager (Male) |
| 25:14 | Crear | Villager (Male) |
| 25:14 | Crear | Villager (Male) |
| 25:45 | Investigar | Horse Collar |
| 26:01 | Construir | Town Center |
| 26:04 | Crear | Villager (Male) |
| 26:04 | Crear | Villager (Male) |
| 26:04 | Crear | Villager (Male) |
| 26:04 | Crear | Villager (Male) |
| 26:05 | Crear | Villager (Male) |
| 26:27 | Investigar | Double-Bit Axe |
| 26:35 | Crear | Villager (Male) |
| 26:35 | Crear | Villager (Male) |
| 26:36 | Crear | Villager (Male) |
| 26:36 | Crear | Villager (Male) |
| 27:05 | Crear | Villager (Male) |
| 27:05 | Crear | Villager (Male) |
| 27:05 | Crear | Villager (Male) |
| 27:06 | Crear | Villager (Male) |
| 27:16 | Investigar | Gold Mining |
| 27:23 | Construir | Farm |
| 27:23 | Construir | Farm |
| 27:23 | Construir | Farm |
| 27:24 | Construir | Farm |
| 27:24 | Construir | Farm |
| 27:24 | Construir | Farm |
| 27:25 | Construir | Farm |
| 27:25 | Construir | Farm |
| 27:25 | Construir | Farm |
| 27:26 | Construir | Farm |
| 27:26 | Construir | Farm |
| 27:26 | Construir | Farm |
| 27:31 | Crear | Villager (Male) |
| 27:32 | Crear | Villager (Male) |
Build order — lejulienuniversel
Primeras 150 de 192 acciones detectadas
| 0:24 | Construir | Town Center |
| 2:29 | Crear | Villager (Male) |
| 2:29 | Crear | Villager (Male) |
| 2:29 | Crear | Villager (Male) |
| 2:30 | Crear | Villager (Male) |
| 2:30 | Crear | Villager (Male) |
| 3:13 | Construir | House |
| 3:40 | Construir | House |
| 4:37 | Crear | Villager (Male) |
| 4:56 | Construir | Lumber Camp |
| 5:07 | Crear | Villager (Male) |
| 5:43 | Crear | Villager (Male) |
| 5:44 | Crear | Villager (Male) |
| 6:08 | Crear | Villager (Male) |
| 6:08 | Crear | Villager (Male) |
| 6:49 | Crear | Villager (Male) |
| 6:49 | Crear | Villager (Male) |
| 7:01 | Construir | Mill |
| 7:12 | Crear | Villager (Male) |
| 7:13 | Crear | Villager (Male) |
| 8:34 | Crear | Villager (Male) |
| 8:45 | Construir | House |
| 9:15 | Crear | Villager (Male) |
| 9:16 | Crear | Villager (Male) |
| 9:16 | Crear | Villager (Male) |
| 9:39 | Construir | Mill |
| 10:22 | Construir | Mill |
| 10:55 | Crear | Villager (Male) |
| 10:55 | Crear | Villager (Male) |
| 10:56 | Crear | Villager (Male) |
| 10:56 | Crear | Villager (Male) |
| 11:04 | Construir | House |
| 11:28 | Construir | House |
| 12:13 | Crear | Villager (Male) |
| 12:13 | Crear | Villager (Male) |
| 12:14 | Crear | Villager (Male) |
| 12:14 | Crear | Villager (Male) |
| 12:14 | Crear | Villager (Male) |
| 12:40 | Construir | Mining Camp |
| 13:08 | Crear | Villager (Male) |
| 13:08 | Crear | Villager (Male) |
| 13:08 | Crear | Villager (Male) |
| 13:40 | Investigar | Loom |
| 14:10 | Crear | Villager (Male) |
| 14:10 | Crear | Villager (Male) |
| 14:53 | Crear | Villager (Male) |
| 14:54 | Crear | Villager (Male) |
| 14:59 | Investigar | Feudal Age |
| 15:05 | Crear | Villager (Male) |
| 16:03 | Construir | Mill |
| 16:42 | Crear | Villager (Male) |
| 16:42 | Crear | Villager (Male) |
| 16:42 | Crear | Villager (Male) |
| 17:04 | Edad | Edad Feudal |
| 17:07 | Investigar | Wheelbarrow |
| 17:09 | Crear | Villager (Male) |
| 17:09 | Crear | Villager (Male) |
| 17:09 | Crear | Villager (Male) |
| 17:13 | Investigar | Horse Collar |
| 17:16 | Investigar | Gold Mining |
| 17:38 | Investigar | Double-Bit Axe |
| 18:39 | Construir | Mill |
| 18:48 | Crear | Villager (Male) |
| 18:48 | Crear | Villager (Male) |
| 18:49 | Crear | Villager (Male) |
| 18:49 | Crear | Villager (Male) ×5 |
| 19:18 | Construir | House |
| 19:34 | Construir | House |
| 19:40 | Construir | House |
| 20:05 | Construir | Farm |
| 20:24 | Construir | Stone Wall |
| 20:30 | Construir | Gate |
| 21:00 | Crear | Villager (Male) |
| 21:12 | Construir | Lumber Camp |
| 22:01 | Construir | Watch Tower |
| 22:15 | Construir | Stone Wall |
| 22:19 | Construir | Gate |
| 22:26 | Crear | Villager (Male) ×5 |
| 22:26 | Crear | Villager (Male) ×5 |
| 22:53 | Construir | Farm |
| 22:54 | Construir | Farm |
| 22:55 | Construir | Farm |
| 22:59 | Construir | Farm |
| 23:00 | Construir | Farm |
| 23:01 | Construir | Farm |
| 23:02 | Construir | Farm |
| 23:03 | Construir | Farm |
| 23:32 | Construir | Blacksmith |
| 24:59 | Investigar | Town Watch |
| 26:06 | Crear | Villager (Male) ×5 |
| 26:06 | Crear | Villager (Male) ×5 |
| 26:27 | Construir | Farm |
| 26:29 | Construir | Farm |
| 26:32 | Construir | Farm |
| 26:44 | Construir | Watch Tower |
| 27:39 | Construir | Watch Tower |
| 28:36 | Construir | Barracks |
| 29:38 | Construir | Town Center |
| 30:54 | Construir | Gate |
| 31:28 | Crear | Villager (Male) ×5 |
| 31:28 | Crear | Villager (Male) ×5 |
| 31:29 | Crear | Villager (Male) ×5 |
| 31:40 | Construir | House |
| 31:41 | Construir | House |
| 31:42 | Construir | House |
| 31:44 | Construir | House |
| 31:45 | Construir | House |
| 31:46 | Construir | House |
| 31:48 | Construir | House |
| 32:10 | Construir | Palisade Wall |
| 32:30 | Construir | Palisade Wall |
| 32:56 | Construir | Palisade Wall |
| 33:24 | Construir | Palisade Wall |
| 33:36 | Construir | Palisade Wall |
| 34:04 | Construir | Market |
| 35:08 | Construir | Palisade Wall |
| 36:09 | Construir | Stable |
| 36:35 | Construir | Farm |
| 36:49 | Construir | Farm |
| 36:58 | Construir | Farm |
| 37:00 | Investigar | Castle Age |
| 37:07 | Construir | Farm |
| 37:25 | Construir | Mining Camp |
| 38:18 | Construir | Stone Wall |
| 38:24 | Construir | Gate |
| 38:37 | Crear | Villager (Male) ×5 |
| 38:37 | Crear | Villager (Male) ×5 |
| 38:45 | Construir | Farm |
| 38:49 | Construir | Farm |
| 38:56 | Construir | Farm |
| 39:07 | Construir | Farm |
| 39:12 | Construir | Farm |
| 39:35 | Edad | Edad de los Castillos |
| 39:44 | Construir | University |
| 39:47 | Investigar | Hand Cart |
| 39:56 | Investigar | Town Patrol |
| 40:22 | Construir | Stone Wall |
| 40:41 | Crear | Villager (Male) ×5 |
| 40:41 | Crear | Villager (Male) ×5 |
| 40:42 | Crear | Villager (Male) ×5 |
| 40:55 | Construir | Lumber Camp |
| 41:00 | Investigar | Bow Saw |
| 41:17 | Investigar | Stone Mining |
| 41:32 | Construir | Watch Tower |
| 41:34 | Investigar | Guard Tower (upgrade) |
| 41:36 | Investigar | Ballistics |
| 41:37 | Investigar | Heated Shot |
| 41:38 | Investigar | Murder Holes |
| 41:40 | Investigar | Masonry |
| 42:02 | Construir | Stone Wall |
Build order — Cordeiro
Primeras 150 de 328 acciones detectadas
| 0:47 | Construir | Town Center |
| 2:07 | Construir | House |
| 2:08 | Construir | House |
| 3:18 | Crear | Villager (Male) |
| 3:19 | Crear | Villager (Male) |
| 3:19 | Crear | Villager (Male) |
| 3:19 | Crear | Villager (Male) |
| 3:30 | Investigar | Loom |
| 4:16 | Crear | Villager (Male) |
| 4:26 | Crear | Villager (Male) |
| 4:26 | Crear | Villager (Male) |
| 5:13 | Crear | Villager (Male) |
| 5:14 | Crear | Villager (Male) |
| 6:22 | Crear | Villager (Male) |
| 7:07 | Crear | Villager (Male) |
| 7:07 | Crear | Villager (Male) |
| 7:08 | Crear | Villager (Male) |
| 7:08 | Crear | Villager (Male) |
| 7:14 | Crear | Villager (Male) |
| 8:52 | Crear | Villager (Male) |
| 8:53 | Crear | Villager (Male) |
| 8:53 | Crear | Villager (Male) |
| 8:53 | Crear | Villager (Male) |
| 8:53 | Crear | Villager (Male) |
| 8:54 | Crear | Villager (Male) |
| 9:00 | Construir | House |
| 9:02 | Construir | House |
| 10:03 | Crear | Villager (Male) |
| 10:03 | Crear | Villager (Male) |
| 10:50 | Construir | Lumber Camp |
| 11:20 | Crear | Villager (Male) |
| 11:42 | Crear | Villager (Male) |
| 12:08 | Construir | Mill |
| 12:48 | Investigar | Feudal Age |
| 13:30 | Construir | Mining Camp |
| 13:45 | Construir | Mining Camp |
| 13:55 | Crear | Villager (Male) |
| 13:55 | Crear | Villager (Male) |
| 14:22 | Construir | Palisade Wall |
| 14:25 | Construir | Palisade Wall |
| 14:50 | Crear | Villager (Male) |
| 14:58 | Edad | Edad Feudal |
| 15:11 | Construir | Blacksmith |
| 15:23 | Construir | Market |
| 15:42 | Construir | House |
| 16:37 | Investigar | Castle Age |
| 17:03 | Investigar | Double-Bit Axe |
| 17:05 | Investigar | Horse Collar |
| 18:35 | Construir | House |
| 18:47 | Construir | Outpost |
| 18:55 | Investigar | Wheelbarrow |
| 19:17 | Edad | Edad de los Castillos |
| 19:45 | Construir | Castle |
| 19:53 | Construir | House |
| 20:06 | Crear | Villager (Male) |
| 20:07 | Crear | Villager (Male) |
| 20:13 | Construir | House |
| 20:25 | Construir | House |
| 20:41 | Crear | Villager (Male) |
| 20:53 | Investigar | Bow Saw |
| 21:21 | Construir | Farm |
| 21:22 | Construir | Farm |
| 21:23 | Construir | Farm |
| 21:24 | Construir | Farm |
| 21:25 | Construir | Farm |
| 21:27 | Construir | Farm |
| 21:28 | Construir | Farm |
| 21:46 | Crear | Huskarl |
| 22:07 | Crear | Villager (Male) |
| 22:07 | Crear | Villager (Male) |
| 22:14 | Construir | Farm |
| 22:53 | Construir | Farm |
| 22:54 | Construir | Farm |
| 22:56 | Construir | Farm |
| 22:58 | Construir | Farm |
| 23:04 | Crear | Villager (Male) |
| 23:27 | Crear | Villager (Male) |
| 23:31 | Crear | Huskarl |
| 24:06 | Crear | Huskarl |
| 24:08 | Crear | Villager (Male) |
| 24:26 | Crear | Huskarl |
| 24:48 | Crear | Huskarl |
| 24:49 | Crear | Villager (Male) |
| 25:17 | Crear | Villager (Male) |
| 25:18 | Crear | Villager (Male) |
| 25:20 | Crear | Huskarl |
| 25:39 | Crear | Villager (Male) |
| 25:46 | Crear | Villager (Male) |
| 26:01 | Crear | Huskarl |
| 26:01 | Crear | Huskarl |
| 26:02 | Crear | Huskarl |
| 26:02 | Crear | Huskarl |
| 26:02 | Crear | Huskarl |
| 26:28 | Crear | Villager (Male) |
| 26:29 | Crear | Villager (Male) |
| 26:36 | Construir | Mill |
| 26:38 | Construir | Farm |
| 26:38 | Construir | Farm |
| 26:38 | Construir | Farm |
| 26:39 | Construir | Farm |
| 26:40 | Construir | Farm |
| 26:41 | Construir | Farm |
| 26:50 | Construir | Siege Workshop |
| 26:57 | Crear | Villager (Male) |
| 27:00 | Crear | Huskarl |
| 27:12 | Construir | House |
| 27:13 | Construir | House |
| 27:22 | Crear | Huskarl |
| 27:48 | Crear | Huskarl |
| 28:18 | Crear | Huskarl |
| 28:18 | Crear | Huskarl |
| 28:36 | Investigar | Hand Cart |
| 28:57 | Crear | Battering Ram |
| 29:03 | Construir | House |
| 29:04 | Construir | House |
| 29:06 | Crear | Villager (Male) |
| 29:07 | Crear | Villager (Male) |
| 29:12 | Crear | Huskarl |
| 29:12 | Crear | Huskarl |
| 29:13 | Crear | Huskarl |
| 29:28 | Crear | Villager (Male) |
| 30:09 | Investigar | Scale Mail Armor |
| 30:09 | Investigar | Forging |
| 30:17 | Crear | Battering Ram |
| 30:26 | Crear | Battering Ram |
| 30:33 | Crear | Huskarl |
| 30:37 | Crear | Villager (Male) |
| 30:37 | Crear | Villager (Male) |
| 30:37 | Crear | Villager (Male) |
| 31:15 | Crear | Huskarl |
| 31:16 | Crear | Huskarl |
| 31:38 | Crear | Huskarl |
| 31:38 | Crear | Huskarl |
| 32:16 | Crear | Huskarl |
| 32:16 | Crear | Huskarl |
| 32:39 | Investigar | Chain Mail Armor |
| 33:24 | Crear | Villager (Male) |
| 33:25 | Crear | Villager (Male) |
| 33:50 | Construir | Barracks |
| 33:52 | Construir | Barracks |
| 34:06 | Crear | Villager (Male) |
| 34:07 | Crear | Villager (Male) |
| 34:07 | Crear | Villager (Male) |
| 34:11 | Construir | House |
| 34:12 | Construir | House |
| 34:53 | Crear | Villager (Male) |
| 34:54 | Crear | Villager (Male) |
| 35:13 | Crear | Villager (Male) |
| 35:14 | Crear | Villager (Male) |
| 35:14 | Crear | Villager (Male) |
Cronología de la partida
| 3:57 | hianyzol · wall_segment Palisade Wall x1 |
| 4:05 | hianyzol · wall_segment Palisade Wall x1 |
| 4:07 | hianyzol · wall_segment Palisade Wall x1 |
| 4:13 | hianyzol · wall_segment Palisade Wall x1 |
| 4:20 | hianyzol · wall_segment Palisade Wall x1 |
| 4:23 | hianyzol · wall_segment Palisade Wall x1 |
| 4:27 | hianyzol · wall_segment Palisade Wall x1 |
| 4:32 | hianyzol · wall_segment Palisade Wall x1 |
| 4:38 | hianyzol · wall_segment Palisade Wall x1 |
| 4:58 | hianyzol · wall_segment Palisade Wall x1 |
| 5:00 | hianyzol · wall_segment Palisade Wall x1 |
| 5:04 | hianyzol · wall_segment Palisade Wall x1 |
| 5:12 | hianyzol · wall_segment Palisade Wall x1 |
| 5:51 | hianyzol · wall_segment Palisade Wall x1 |
| 5:56 | hianyzol · wall_segment Palisade Wall x1 |
| 5:58 | hianyzol · wall_segment Palisade Wall x1 |
| 6:02 | Leni61 · wall_segment Palisade Wall x1 |
| 6:03 | Leni61 · wall_segment Palisade Wall x1 |
| 6:04 | hianyzol · wall_segment Palisade Wall x1 |
| 6:08 | hianyzol · wall_segment Palisade Wall x1 |
| 6:57 | hianyzol · wall_segment Palisade Wall x1 |
| 10:18 | Leni61 · wall_segment Palisade Wall x1 |
| 10:19 | Leni61 · wall_segment Palisade Wall x1 |
| 10:20 | Leni61 · wall_segment Palisade Wall x1 |
| 10:38 | Leni61 · wall_segment Palisade Wall x3 |
| 11:20 | zAck · first_building Barracks |
| 11:32 | Leni61 · wall_segment Palisade Wall x5 |
| 12:43 | hianyzol · wall_segment Palisade Wall x1 |
| 12:50 | hianyzol · wall_segment Palisade Wall x1 |
| 12:56 | hianyzol · wall_segment Palisade Wall x1 |
| 13:02 | hianyzol · wall_segment Palisade Wall x1 |
| 13:18 | REMENDAR · age_up feudal |
| 13:48 | Lucas · wall_segment Palisade Wall x1 |
| 13:48 | hianyzol · wall_segment Palisade Wall x1 |
| 13:49 | Lucas · wall_segment Palisade Wall x1 |
| 13:50 | Leni61 · wall_segment Palisade Wall x7 |
| 13:51 | Lucas · wall_segment Palisade Wall x1 |
| 13:53 | hianyzol · wall_segment Palisade Wall x1 |
| 13:54 | Lucas · wall_segment Palisade Wall x1 |
| 13:57 | hianyzol · wall_segment Palisade Wall x1 |
| 13:58 | Lucas · wall_segment Palisade Wall x1 |
| 13:59 | Lucas · wall_segment Palisade Wall x1 |
| 14:03 | Tatie · age_up feudal |
| 14:22 | Cordeiro · wall_segment Palisade Wall x1 |
| 14:22 | Tatie · first_building Barracks |
| 14:25 | Cordeiro · wall_segment Palisade Wall x1 |
| 14:27 | hianyzol · wall_segment Palisade Wall x1 |
| 14:31 | Lucas · age_up feudal |
| 14:36 | hianyzol · first_building Barracks |
| 14:58 | Cordeiro · age_up feudal |
| 15:07 | Leni61 · wall_segment Palisade Wall x7 |
| 15:26 | REMENDAR · first_market_sell 100 stone |
| 15:27 | REMENDAR · first_market_buy 100 food |
| 16:11 | Lucas · wall_segment Palisade Wall x8 |
| 16:19 | REMENDAR · wall_segment Palisade Wall x11 |
| 16:49 | Tatie · first_building Stable |
| 16:56 | Lucas · wall_segment Palisade Wall x8 |
| 17:04 | lejulienuniversel · age_up feudal |
| 17:09 | Leni61 · age_up feudal |
| 17:44 | zAck · age_up feudal |
| 17:57 | hianyzol · wall_segment Palisade Wall x2 |
| 18:10 | Lucas · age_up castle |
| 18:12 | Tatie · wall_segment Palisade Wall x17 |
| 18:31 | REMENDAR · age_up castle |
| 18:58 | Leni61 · first_building Barracks |
| 19:14 | zAck · first_building Archery Range |
| 19:16 | Tatie · age_up castle |
| 19:17 | Cordeiro · age_up castle |
| 19:44 | Tatie · first_building Monastery |
| 19:45 | Cordeiro · first_building Castle |
| 19:58 | Lucas · first_building Barracks |
| 20:02 | Leni61 · first_building Stable |
| 20:21 | Leni61 · wall_segment Stone Wall x1 |
| 20:22 | Leni61 · wall_segment Stone Wall x1 |
| 20:24 | lejulienuniversel · wall_segment Stone Wall x1 |
| 20:59 | Lucas · first_building Stable |
| 21:30 | Leni61 · age_up castle |
| 21:37 | Lucas · first_market_buy 100 stone |
| 21:47 | Lucas · wall_segment Stone Wall x9 |
| 21:50 | Lucas · wall_segment Stone Wall x1 |
| 21:51 | Lucas · wall_segment Stone Wall x1 |
| 21:52 | Lucas · wall_segment Stone Wall x1 |
| 21:53 | Lucas · wall_segment Stone Wall x1 |
| 22:04 | Cordeiro · first_market_sell 100 wood |
| 22:05 | Cordeiro · first_market_buy 100 food |
| 22:10 | zAck · first_market_buy 100 food |
| 22:15 | lejulienuniversel · wall_segment Stone Wall x8 |
| 22:16 | REMENDAR · wall_segment Stone Wall x1 |
| 22:39 | Lucas · wall_segment Stone Wall x6 |
| 24:06 | hianyzol · age_up feudal |
| 24:19 | hianyzol · first_building Archery Range |
| 24:47 | zAck · wall_segment Stone Wall x6 |
| 26:50 | Cordeiro · first_building Siege Workshop |
| 27:33 | Leni61 · first_building Siege Workshop |
| 28:36 | lejulienuniversel · first_building Barracks |
| 28:41 | REMENDAR · wall_segment Stone Wall x1 |
| 28:44 | REMENDAR · wall_segment Stone Wall x1 |
| 28:46 | Leni61 · first_market_buy 100 wood |
| 29:11 | REMENDAR · first_building Monastery |
| 30:04 | zAck · age_up castle |
| 30:08 | Tatie · first_building Castle |
| 30:53 | zAck · first_building Castle |
| 31:13 | Lucas · first_market_sell 500 wood |
| 31:21 | Lucas · first_building Castle |
| 31:28 | zAck · wall_segment Stone Wall x8 |
| 31:55 | REMENDAR · wall_segment Stone Wall x1 |
| 32:10 | lejulienuniversel · wall_segment Palisade Wall x2 |
| 32:30 | lejulienuniversel · wall_segment Palisade Wall x3 |
| 32:36 | REMENDAR · first_building Castle |
| 32:56 | lejulienuniversel · wall_segment Palisade Wall x5 |
| 33:10 | REMENDAR · first_building Barracks |
| 33:21 | Lucas · first_building Archery Range |
| 33:24 | lejulienuniversel · wall_segment Palisade Wall x1 |
| 33:34 | REMENDAR · wall_segment Stone Wall x20 |
| 33:36 | lejulienuniversel · wall_segment Palisade Wall x4 |
| 33:40 | Leni61 · first_building Monastery |
| 33:50 | Cordeiro · first_building Barracks |
| 33:59 | Lucas · wall_segment Stone Wall x11 |
| 34:00 | Leni61 · first_market_sell 100 food |
| 34:12 | REMENDAR · first_building Stable |
| 34:24 | Leni61 · first_building Castle |
| 34:38 | REMENDAR · age_up imperial |
| 34:41 | REMENDAR · wall_segment Stone Wall x4 |
| 34:50 | Tatie · first_building Siege Workshop |
| 35:08 | lejulienuniversel · wall_segment Palisade Wall x5 |
| 35:31 | REMENDAR · wall_segment Stone Wall x11 |
| 36:09 | lejulienuniversel · first_building Stable |
| 36:28 | Tatie · age_up imperial |
| 36:33 | hianyzol · age_up castle |
| 36:38 | REMENDAR · wall_segment Stone Wall x4 |
| 37:13 | Leni61 · age_up imperial |
| 37:59 | hianyzol · first_building Castle |
| 38:18 | lejulienuniversel · wall_segment Stone Wall x8 |
| 38:50 | Lucas · age_up imperial |
| 39:13 | Tatie · wall_segment Stone Wall x7 |
| 39:33 | hianyzol · wall_segment Stone Wall x16 |
| 39:35 | lejulienuniversel · age_up castle |
| 40:13 | Tatie · wall_segment Stone Wall x20 |
| 40:22 | lejulienuniversel · wall_segment Stone Wall x6 |
| 40:54 | REMENDAR · first_building Siege Workshop |
| 41:01 | Tatie · wall_segment Stone Wall x8 |
| 41:02 | Tatie · wall_segment Stone Wall x11 |
| 41:11 | Tatie · wall_segment Stone Wall x6 |
| 41:45 | Leni61 · wall_segment Stone Wall x6 |
| 41:46 | Tatie · wall_segment Stone Wall x6 |
| 42:02 | lejulienuniversel · wall_segment Stone Wall x15 |
| 43:03 | Cordeiro · age_up imperial |
| 43:07 | lejulienuniversel · wall_segment Stone Wall x14 |
| 43:38 | zAck · wall_segment Palisade Wall x5 |
| 43:53 | Tatie · wall_segment Stone Wall x7 |
| 44:32 | zAck · wall_segment Stone Wall x5 |
| 45:24 | Tatie · wall_segment Stone Wall x7 |
| 45:26 | Tatie · wall_segment Stone Wall x12 |
| 45:31 | hianyzol · age_up imperial |
| 45:40 | REMENDAR · wall_segment Stone Wall x7 |
| 45:49 | Tatie · wall_segment Stone Wall x22 |
| 45:55 | zAck · first_building Monastery |
| 45:59 | REMENDAR · wall_segment Stone Wall x1 |
| 46:12 | REMENDAR · wall_segment Stone Wall x1 |
| 46:26 | lejulienuniversel · first_building Castle |
| 46:27 | Tatie · resign |
| 46:56 | REMENDAR · wall_segment Stone Wall x13 |
| 47:53 | REMENDAR · wall_segment Stone Wall x1 |
| 48:23 | lejulienuniversel · wall_segment Stone Wall x1 |
| 48:40 | lejulienuniversel · wall_segment Stone Wall x7 |
| 49:33 | lejulienuniversel · wall_segment Stone Wall x8 |
| 50:12 | hianyzol · first_market_sell 100 food |
| 52:48 | REMENDAR · wall_segment Stone Wall x20 |
| 53:18 | hianyzol · first_market_buy 100 wood |
| 54:39 | zAck · first_market_sell 100 food |
| 54:57 | hianyzol · wall_segment Stone Wall x2 |
[ ANÁLISIS IA · 1 CRÉDITO ]
¿Qué pasó realmente en esta partida?
Wolo.gg analiza cada decisión: build order, eco, micro, errores típicos por bracket. Análisis personalizado por WhatsApp o Discord en 30 segundos.
Guía civ
Indostaníes
Perfil
Jugador #2541201